 Dungeon Crawl Stone Soup version 0.26.1-10-gdfb7c7de75 (webtiles) character file.

Game seed: 17983987673896642097

6120 DearestLeader the Impaler (level 10, -3/74 HPs)
             Began as a Merfolk Ice Elementalist on Apr 5, 2021.
             Was an Initiate of Vehumet.
             Slain by a two-headed ogre
             ... wielding a +0 giant spiked club
              (19 damage)
             ... on level 9 of the Dungeon.
             The game lasted 00:25:24 (14300 turns).

DearestLeader the Impaler (MfIE)                   Turns: 14300, Time: 00:25:25

Health: -3/74      AC: 15    Str:  9    XL:     10   Next: 89%
Magic:  5/15       EV: 14    Int: 29    God:    Vehumet [......]
Gold:   615        SH:  0    Dex: 15    Spells: 5/16 levels left

rFire    . . .     SeeInvis .   x - +0 halberd (drain)
rCold    + . .     Faith    .   (shield currently unavailable)
rNeg     . . .     Spirit   .   j - +2 leather armour {rC+}
rPois    .         Reflect  .   H - +0 helmet
rElec    .         Harm     .   M - +0 cloak
rCorr    .         Rampage  .   (no gloves)
Will     .....                  u - +0 pair of boots
Stlth    ++........             (no amulet)
HPRegen  0.22/turn              l - +6 ring of intelligence
MPRegen  0.14/turn              I - +6 ring of intelligence

@: icy armour, frozen ramparts
A: change form in water, swift swim, stealthy swim
a: Renounce Religion


You were on level 9 of the Dungeon.
You worshipped Vehumet.
Vehumet was noncommittal.
You visited 2 branches of the dungeon, and saw 10 of its levels.
You also visited: Ossuary.

You collected 615 gold pieces.

Inventory:

Hand Weapons
 m - a +0 short sword of holy wrath
 s - a +0 hand crossbow
 x - a +0 halberd of draining (weapon)
Missiles
 o - 92 bolts
 t - 3 datura-tipped darts (quivered)
Armour
 j - a +2 leather armour of cold resistance (worn)
 u - a +0 pair of boots (worn)
 G - +0 steam dragon scales
 H - a +0 helmet (worn)
 M - a +0 cloak (worn)
Magical Staves
 K - an uncursed staff of conjuration
Jewellery
 l - a +6 ring of intelligence (left hand)
 I - a +6 ring of intelligence (right hand)
Wands
 n - a wand of acid (5)
 D - a wand of digging (5)
 E - a wand of polymorph (10)
 F - a wand of paralysis (11)
Scrolls
 a - 3 scrolls of fear
 b - 4 scrolls of teleportation
 d - 7 scrolls of remove curse
 f - a scroll of vulnerability {unknown}
 k - 4 scrolls of enchant armour
 r - 2 scrolls of enchant weapon {unknown}
 w - a scroll of identify
 y - a scroll of blinking
 J - 3 scrolls of magic mapping
 L - a scroll of silence {unknown}
Potions
 c - 4 potions of might
 e - 9 potions of haste
 g - 3 potions of curing
 h - 4 potions of heal wounds
 i - 2 potions of invisibility {unknown}
 p - 2 potions of lignification
 q - a potion of resistance {unknown}
 v - 3 potions of brilliance {unknown}
 z - 2 potions of attraction {unknown}
 A - a potion of mutation {unknown}
 B - 2 potions of berserk rage {unknown}
 C - 3 potions of degeneration {unknown}


   Skills:
 - Level 5.0 Fighting
 - Level 16.0 Polearms
 + Level 5.4 Dodging
 - Level 2.1 Stealth
 + Level 3.8 Spellcasting
 + Level 9.7 Ice Magic


You had 5 spell levels left.
You knew the following spells:

 Your Spells              Type           Power        Failure   Level
a - Freeze                Ice            100%         1%          1
b - Frozen Ramparts       Ice            100%         1%          3
c - Ozocubu's Armour      Ice            58%          1%          3
d - Summon Ice Beast      Ice/Summ       34%          13%         4

Your spell library contained the following spells:

 Spells                   Type           Power        Failure   Level
 Hailstorm                Conj/Ice       34%          13%         4


Dungeon Overview and Level Annotations

Branches:
Dungeon (9/15)             Temple (1/1) D:5            Lair (0/6) D:9
Ossuary (visited)
    Orc: D:9-12

Altars:
Ashenzari
Cheibriados
Dithmenos
Elyvilon
Fedhas
Gozag
Hepliaklqana
Kikubaaqudgha
Makhleb
Nemelex Xobeh
Qazlal
Ru
Sif Muna
Trog
Uskayaw
Vehumet
Wu Jian
Xom
Yredelemnul
Zin
The Shining One

Shops:
D:8 :   D:9 }

Annotations:
D:6 2 transporters, doomsgape's ghost, novice BaFi
D:9 1 transporter


Message History

A film of ice covers your body!
The wall freezes the two-headed ogre.
The two-headed ogre misses you.
The two-headed ogre hits you with a +0 giant spiked club.
Unknown command.
Casting: Ozocubu's Armour (safe; 1% risk of failure)
Confirm with . or Enter, or press ? or * to list all spells.
A chill wind blows around you.
The wall freezes the two-headed ogre.
The two-headed ogre hits you with a +0 giant spiked club!! x2
* * * LOW HITPOINT WARNING * * *
Unknown command.
You are too injured to fight recklessly!
Unknown command.
You hit the two-headed ogre.
The two-headed ogre is moderately wounded.
Unknown command.
You slash the two-headed ogre! You drain the two-headed ogre.
The two-headed ogre is heavily wounded.
The wall freezes the two-headed ogre.
The two-headed ogre closely misses you.
The two-headed ogre hits you with a +0 giant spiked club!!
You die...

.......## #.#
#...#...#
.##.....# #.#
#...#...#
.##...#.# #.#
#...#.#.#
......#.# #.#
#...#...#
......#.# #.#
#...#...#
......#.#
##.######...#.#.#
......#..
#.......#...#.<.#
......#..
#O....#...#...#
......#..
#Y@...#...#.#.#
.######
#..?..#...'.#.#
.######
#.....'...#...#
......#
#.....#...#...#
......#
#######...#.#.#
#######
......#...#####
#.......#.......#
#.......#...###..
##########.## ##.


You could see a two-headed ogre (drained) and a friendly ice beast (summoned).

Vanquished Creatures
  Pikel (D:7)
  Maggie (D:6)
  A troll (D:9)
  A hornet (D:8)
  A wyvern (D:8)
  5 yaks (D:9)
  Eustachio (D:6)
  A steam dragon (D:8)
  Edmund (D:6)
  2 ice beasts
  A sky beast (D:9)
  A black bear (D:9)
  A phantom (D:6)
  An orc warrior (D:8)
  A necrophage (D:8)
  4 ogres
  4 wolves (D:9)
  A big kobold (D:5)
  3 bullfrogs
  2 scorpions (D:7)
  A water moccasin skeleton (D:9)
  9 killer bees
  An electric eel (D:9)
  A howler monkey (D:5)
  A bullfrog zombie (D:5)
  A jelly (D:5)
  4 orc priests
  5 hounds
  2 iguanas
  7 orc wizards
  Natasha (thrice) (D:2)
  3 worker ants
  A hound zombie (D:5)
  2 hound skeletons
  12 mummies (Ossuary)
  6 gnolls
  4 adders
  2 shadow imps
  A white imp (D:5)
  An ufetubus (D:5)
  An ooze (D:2)
  An adder zombie (D:4)
  3 worms
  4 dart slugs
  6 leopard geckos
  22 orcs
  2 ball pythons
  4 bats
  10 giant cockroaches
  5 goblins
  8 hobgoblins
  11 jackals
  A quokka (D:4)
  5 frilled lizards
  3 goblin skeletons (Ossuary)
  A jackal skeleton (D:6)
  15 kobolds
  4 kobold skeletons (Ossuary)
  An orc skeleton (Ossuary)
  A quokka zombie (D:6)
  6 rats
  11 rat skeletons (Ossuary)
  A rat zombie (D:6)
227 creatures vanquished.

Vanquished Creatures (collateral kills)
  An ugly thing (D:9)
  A yak (D:9)
  A necrophage (D:8)
  2 electric eels (D:9)
  An orc priest (D:8)
  A worker ant (D:8)
7 creatures vanquished.

Vanquished Creatures (others)
  A wizard (D:6)
  An orc (D:8)
  6 plants (D:6)
8 creatures vanquished.

Grand Total: 242 creatures vanquished

Notes
Turn   | Place    | Note
-------+----------+-------------------------------------------
     0 | D:1      | DearestLeader the Merfolk Ice Elementalist began the quest
                  | for the Orb.
     0 | D:1      | Reached XP level 1. HP: 13/13 MP: 3/3
   227 | D:1      | Reached XP level 2. HP: 14/19 MP: 1/5
   461 | D:1      | Reached skill level 5 in Ice Magic
   827 | D:1      | Reached XP level 3. HP: 24/24 MP: 4/6
   831 | D:1      | Learned a level 3 spell: Frozen Ramparts
  1349 | D:2      | Reached XP level 4. HP: 17/30 MP: 3/7
  1349 | D:2      | Noticed Natasha
  1433 | D:2      | Killed Natasha
  1646 | D:2      | You fall into a shaft and drop 2 floors!
  2226 | D:2      | Reached XP level 5. HP: 35/35 MP: 8/8
  2312 | D:2      | Noticed Natasha
  2331 | D:2      | Killed Natasha
  2695 | D:2      | Learned a level 3 spell: Ozocubu's Armour
  3020 | D:2      | Found a burning altar of Makhleb.
  3022 | D:2      | Noticed a blizzard demon
  3026 | D:2      | Noticed an orange demon
  3026 | D:2      | Noticed a hellwing
  3097 | D:2      | Noticed Natasha
  3104 | D:2      | Killed Natasha
  3529 | D:3      | Found a shimmering altar of Xom.
  3588 | D:3      | Reached XP level 6. HP: 27/41 MP: 5/9
  4184 | D:3      | Found a sparkling altar of Nemelex Xobeh.
  4258 | D:3      | Found a faded altar of an unknown god.
  5156 | D:4      | Reached skill level 1 in Polearms
  5436 | D:4      | Reached skill level 2 in Polearms
  5436 | D:4      | Reached XP level 7. HP: 37/46 MP: 6/10
  5454 | D:4      | Reached skill level 3 in Polearms
  6158 | D:5      | Entered Level 5 of the Dungeon
  6524 | D:5      | Reached skill level 4 in Polearms
  6670 | D:5      | Reached skill level 1 in Fighting
  6950 | D:5      | Found a staircase to the Ecumenical Temple.
  7058 | D:5      | Reached skill level 5 in Polearms
  7229 | D:5      | Reached skill level 6 in Polearms
  7229 | D:5      | Reached XP level 8. HP: 47/57 MP: 7/11
  7340 | D:5      | Found a glowing golden altar of the Shining One.
  7585 | D:5      | Found an ornate altar of the Wu Jian Council.
  7661 | Temple   | Entered the Ecumenical Temple
  7748 | D:6      | Noticed Edmund
  7759 | D:6      | Killed Edmund
  7760 | D:6      | Reached skill level 7 in Polearms
  7763 | D:6      | Noticed Eustachio
  7764 | D:6      | Found a sand-covered staircase.
  7774 | D:6      | Killed Eustachio
  7795 | Ossuary  | Entered an ossuary
  7853 | Ossuary  | Reached skill level 8 in Polearms
  8545 | D:6      | Found a transporter.
  8565 | D:6      | Noticed doomsgape's ghost (novice BaFi)
  8569 | D:6      | Identified the +3 ring mail of Qazlal's Whim {rCorr Dex-2
                  | SInv Stlth+}
  8569 | D:6      | Identified the +2 buckler of the Archfiend {Int+4}
  8590 | D:6      | Found a transporter.
  8686 | D:6      | Reached skill level 9 in Polearms
  8788 | D:6      | Noticed Maggie
  8797 | D:6      | Killed Maggie
  8798 | D:6      | Reached skill level 5 in Fighting
  8798 | D:6      | Reached skill level 10 in Polearms
  8798 | D:6      | Reached XP level 9. HP: 35/68 MP: 6/12
  9012 | D:6      | Found a bloodstained altar of Trog.
  9020 | D:6      | Noticed a wizard
  9025 | D:6      | Killed a wizard
  9050 | D:6      | Found an opulent altar of Gozag.
  9136 | D:6      | Reached skill level 11 in Polearms
  9905 | D:7      | Reached skill level 12 in Polearms
  9956 | D:7      | Noticed Pikel
  9959 | D:7      | Killed Pikel
  9960 | D:7      | Reached skill level 13 in Polearms
 10426 | D:8      | Learned a level 4 spell: Summon Ice Beast
 10719 | D:8      | Reached skill level 14 in Polearms
 10721 | D:8      | Reached XP level 10. HP: 20/74 MP: 2/13
 10723 | D:8      | HP: 1/74 [orc priest/divine providence (11)]
 11208 | D:8      | Found Tiryqib's Book Shop.
 11423 | D:8      | Paralysed by a hornet for 1 turns
 11426 | D:8      | Reached skill level 15 in Polearms
 11429 | D:8      | Paralysed by a hornet for 1 turns
 11692 | D:8      | Found a shimmering blue altar of Sif Muna.
 11959 | D:8      | Found a radiant altar of Vehumet.
 11966 | D:8      | Became a worshipper of Vehumet
 12040 | D:9      | Found Edomoer's Gadget Boutique.
 12173 | D:9      | Found a transporter.
 12237 | D:9      | Noticed a purple ugly thing
 12373 | D:9      | Killed a purple ugly thing
 12792 | D:9      | HP: 1/74 [electric eel/bolt of electricity (7)]
 13975 | D:9      | Found a staircase to the Lair.
 14040 | D:9      | Reached skill level 16 in Polearms
 14050 | D:9      | Reached skill level 5 in Dodging
 14121 | D:9      | Noticed a two-headed ogre
 14300 | D:9      | Slain by a two-headed ogre

Illustrated notes

Levels and vault maps discovered:
D:1:      elethiomel_arrival_quiet, layout_loops_ring, st_stairs_9
D:2:      layout_loops_cross, minmay_misc_feat_x, makhleb_altar_promises_db,
          uniq_natasha
D:3:      layout_rooms, lemuel_doored_altar, lemuel_coloured_pillars_altar,
          chequers_ecumenical_altar_simple_redux
D:4:      layout_gridville, roderic_lattice_a, minmay_diced_spiral
D:5:      layout_basic, nzn_wu_jian_contemplation, temple_doors_e,
          minmay_misc_feat_square, tso_metal_star
D:6:      layout_rooms, nicolae_overflow_crystal_walls,
          gammafunk_ghost_gnarly_gnolls, enter_ossuary_4, hex_intersection,
          trog_wizard, uniq_maggie, uniq_eustachio, uniq_edmund
D:7:      layout_gridville, chequers_serial_rivers_marsh, uniq_pikel
D:8:      layout_loops_cross, lemuel_round_altar, kennysheep_mini, serial_shops,
          shop
D:9:      gammafunk_steamed_eel, layout_stronghold,
          grunt_temple_overflow_bloody_war, erik_lair_island,
          serial_co_window_serial, co_window_paths_b, co_window_corner_a,
          co_window_of_opportunity_a, co_window_corner_a, co_window_paths_b,
          co_window_cross_2, co_window_paths_c, co_window_2corner,
          co_window_of_opportunity_c, co_window_broadway_a, glass_columns_b,
          serial_shops, shop, uniq_maurice
Temple:   cyrus_circular_temple

Skill      XL: |  1  2  3  4  5  6  7  8  9 10 |
---------------+-------------------------------+-----
Ice Magic      | 5 6 7 8 9 |  9.7
Polearms       | 2 6 10 14 16 | 16.0
Fighting       | 2 5 |  5.0
Dodging        | 5 |  5.4
Spellcasting   | 3 |  3.8
Stealth        | |  2.1

Action                   |  1- 3 |  4- 6 |  7- 9 | 10-12 || total
-------------------------+-------+-------+-------+-------++-------
Melee: Unarmed           |    20 |       |       |       ||    20
       Dagger            |    46 |       |       |       ||    46
       Short sword       |       |   110 |    35 |       ||   145
       Halberd           |       |       |   283 |    91 ||   374
 Fire: Hand crossbow     |       |       |       |    11 ||    11
 Cast: Freeze            |    25 |    11 |       |       ||    36
       Frozen Ramparts   |       |    18 |    27 |    12 ||    57
       Ozocubu's Armour  |       |     3 |    11 |     5 ||    19
       Summon Ice Beast  |       |       |     1 |    10 ||    11
  Use: Scroll            |       |     5 |    12 |       ||    17
       Potion            |       |       |       |     1 ||     1
 Stab: Sleeping          |     1 |     7 |    13 |     1 ||    22
       Distracted        |       |       |     2 |       ||     2
Armor: Robe              |    16 |    16 |       |       ||    32
       Skin              |       |     2 |     3 |       ||     5
       Leather armour    |       |       |    48 |    26 ||    74
Dodge: Dodged            |    81 |    74 |   149 |    67 ||   371
